 Dungeon Crawl Stone Soup version 0.22-a0-439-gac93bac (webtiles) character file.

25 Borgoz the Ruffian (level 3, -1/30 HPs)
             Began as a Ghoul Gladiator on May 29, 2018.
             Slain by Sigmund
             ... wielding a +0 scythe
              (6 damage)
             ... on level 2 of the Dungeon.
             The game lasted 00:01:04 (1132 turns).

Borgoz the Ruffian (Ghoul Gladiator)                Turns: 1132, Time: 00:01:05

Health: -1/30      AC: 15    Str: 17    XL:     3   Next: 4%
Magic:  2/2        EV:  1    Int:  3    God:
Gold:   80         SH:  0    Dex: 11    Spells: 2/2 levels left

rFire    . . .     SeeInvis .     - Unarmed
rCold    + . .     Gourm    .   (no shield)
rNeg     + + +     Faith    .   l - +0 crystal plate armour
rPois    ∞         Spirit   .   b - +0 helmet
rElec    .         Reflect  .   (no cloak)
rCorr    .         Harm     .   (no gloves)
MR       .....                  (no boots)
Stlth    ..........             (no amulet)
HPRegen  0.00/turn              (no ring)
MPRegen  0.08/turn              (no ring)

@: rotting
A: rotting body, claws 1, carnivore, cold resistance 1, negative energy
resistance 3, inhibited regeneration, torment resistance, unbreathing
a: no special abilities


You were on level 2 of the Dungeon.
You were not hungry.

You visited 1 branch of the dungeon, and saw 2 of its levels.

You collected 80 gold pieces.

Inventory:

Missiles
 c - 3 throwing nets (quivered)
Armour
 a - a +0 leather armour
 b - a +0 helmet (worn)
 l - a +0 crystal plate armour (worn)
Scrolls
 f - a scroll of remove curse {unknown}
 h - 3 scrolls of identify {unknown}
 j - a scroll of fear {unknown}
Potions
 e - a potion of curing {unknown}
 g - a potion of agility {unknown}
 i - a potion of berserk rage {unknown}
 m - 2 potions of heal wounds {unknown}
Comestibles
 d - 6 rations
 k - a chunk of flesh


   Skills:
 + Level 2.4 Fighting
 - Level 1.7 Throwing
 * Level 1.1 Armour
 * Level 3.0 Dodging
 + Level 3.6 Unarmed Combat


You had 2 spell levels left.
You didn't know any spells.
Your spell library was empty.

Dungeon Overview and Level Annotations

Branches:
Dungeon (2/15)

Altars:
Gozag

Annotations:
D:2 Sigmund


Innate Abilities, Weirdness & Mutations

Your body is rotting away.
You thrive on raw meat.
You are immune to poison.
You have sharp fingernails.
You are carnivorous and can eat meat at any time.
Your flesh is cold resistant. (rC+)
You are immune to negative energy. (rN+++)
You do not regenerate when monsters are visible.
You are immune to unholy pain and torment.
You can survive without breathing.


Message History

You scratch Sigmund.
Sigmund is almost dead.
Sigmund hits you with a scythe!
You are too injured to fight recklessly!
You are too injured to fight recklessly!
You closely miss Sigmund.
Sigmund is almost dead.
You scratch Sigmund but do no damage.
Sigmund is almost dead.
Sigmund hits you with a scythe.
* * * LOW HITPOINT WARNING * * *
You barely miss Sigmund.
Sigmund is almost dead.
Sigmund barely misses you.
You barely miss Sigmund.
Sigmund is almost dead.
Your crystal plate armour prevents you from hitting Sigmund.
Sigmund is almost dead.
Sigmund hits you with a scythe.
You die...

#.# ##..##.#
#..........# #.#
##....####...####....
#.# ##........#... ..
... #...##..######..
<.. #.####...# ##.
...# #. ##..# #... .
##..### ..
##.#####.....#
......@@...#..#
##.....###.....#
#..### ##..... ...
##### .


You could see Sigmund.

Vanquished Creatures
  2 dart slugs (D:1)
  A ball python (D:1)
  A giant cockroach (D:1)
  2 goblins
  2 hobgoblins
  3 bats
  6 frilled lizards
  2 kobolds
  3 rats
22 creatures vanquished.

Notes
Turn   | Place    | Note
-------+----------+-------------------------------------------
     0 | D:1      | Borgoz the Ghoul Gladiator began the quest for the Orb.
     0 | D:1      | Reached XP level 1. HP: 17/17 MP: 0/0
   253 | D:1      | Reached XP level 2. HP: 24/24 MP: 1/1
   892 | D:2      | Reached skill level 1 in Armour
   984 | D:2      | Reached XP level 3. HP: 30/30 MP: 2/2
  1054 | D:2      | Found an opulent altar of Gozag.
  1111 | D:2      | Noticed Sigmund
  1132 | D:2      | Slain by Sigmund

Vault maps used:
D:1:      eino_arrival_tree_alley
D:2:      first_ration, grunt_gozag_breadcrumbs, uniq_sigmund

Skill      XL: |  1  2 |
---------------+-------+-----
Dodging        | 3 |  3.0
Armour         | 1 |  1.1
Fighting       | |  2.4
Throwing       | |  1.7
Unarmed Combat | |  3.6

Action                   || total
-------------------------++-------
Melee: Unarmed           ||    89
  Eat: Chunk             ||     2
Armor: Crystal plate arm ||    49
Dodge: Dodged            ||    14

Table legend:
 A = Spawn XP
 B = Non-spawn XP
 C = Spawn XP percentage of total XP
 D = Spawn monster count
 E = Non-spawn monster count
 F = Spawn count percentage of total count
 G = Total turns spent on level
                    A         B        C        D         E        F      G
               +---------+---------+-------+---------+---------+-------+---------
         Total |       0 |      36 |   0.0 |       0 |      22 |   0.0 |  1132
               +---------+---------+-------+---------+---------+-------+---------
           D:1 |       0 |      23 |   0.0 |       0 |      13 |   0.0 |   866
           D:2 |       0 |      13 |   0.0 |       0 |       9 |   0.0 |   266
               +---------+---------+-------+---------+---------+-------+---------
